AoeStats
← flippyfloppy2000

Arabia

505930132Analyzed
1v1 RM · 19d ago on Sep 11, 2026· 65m 0s· 2 players
Game mode
Random Map
Map size
Tiny (2 player)
Population
200
Speed
Normal
Resources
Standard
Victory
Conquest
Starting age
Dark Age
Ending age
Imperial Age
RankedLock teamsTeams togetherTeam positionsShared explorationLock speedFull tech treeHidden civsTurbo modeCheats
Victory
Defeat
🇫🇷 Maya · France
884
+18
🇳🇦 Romans · Namibia
924
-18
flippyfloppy2000
5:15 Loom
12:21 Feudal Age
16:38 Castle Age
20:42 Horse Collar
22:57 Wheelbarrow
22:07 Town Watch
22:12 Double-Bit Axe
24:38 Elite Skirmisher
26:22 Fletching
27:53 Padded Archer Armor
31:08 Hand Cart
32:12 Husbandry
31:32 Light Cavalry
36:13 Heavy Plow
37:29 Scale Barding Armor
37:35 Forging
44:46 Imperial Age
42:36 Bloodlines
43:14 Murder Holes
43:41 Ballistics
44:36 Chain Barding Armor
44:27 Forging
46:02 Conscription
48:16 Plate Barding Armor
48:16 Iron Casting
47:37 Bodkin Arrow
47:57 Leather Archer Armor
48:21 Light Cavalry
52:21 Blast Furnace
54:14 Conscription
61:33 Bow Saw
Slokurn
9:46 Feudal Age
8:45 Loom
11:07 Double-Bit Axe
14:20 Fletching
21:00 Horse Collar
26:49 Castle Age
27:01 Crossbowman
27:46 Thumb Ring
27:33 Eagle Warrior
28:49 Bodkin Arrow
28:55 Padded Archer Armor
31:26 Scale Mail Armor
31:55 Squires
31:43 Arson
32:17 Stone Mining
33:23 Leather Archer Armor
33:39 Elite Skirmisher
35:48 Forging
35:56 Gold Mining
37:26 Wheelbarrow
42:43 Imperial Age
41:50 Iron Casting
42:34 Bow Saw
43:04 Elite Eagle Warrior
45:32 Two-Man Saw
44:00 Pikeman
45:01 Elite Plumed Archer
47:27 Halberdier
49:42 Holcans
49:49 Bracer
57:18 Chain Mail Armor
58:23 Blast Furnace
Connection lost

Rejoining the realm…

Still unreachable

The connection could not be restored.

Session expired

The server has moved on; the page needs a fresh start.